 Dungeon Crawl Stone Soup version 0.21-a0-584-g185da8e (webtiles) character file.

4790 Amnesiac the Nimble (level 10, -4/63 HPs)
             Began as a Deep Elf Ice Elementalist on Dec 21, 2017.
             Was a Believer of Sif Muna.
             Slain by Psyche
             ... wielding a +3 dagger of chaos
              (6 damage)
             ... while paralysed by Psyche
             ... on level 8 of the Dungeon.
             The game lasted 00:22:18 (9172 turns).

Amnesiac the Nimble (Deep Elf Ice Elementalist)     Turns: 9172, Time: 00:22:19

Health: -4/63      AC: 10    Str:  5    XL:     10   Next: 24%
Magic:  1/20       EV:  2    Int: 24    God:    Sif Muna [**....]
Gold:   468        SH:  0    Dex: 15    Spells: 9/20 levels left

rFire    . . .     SeeInvis .   b - +2 dagger (venom)
rCold    + . .     Gourm    .   E - +0 buckler
rNeg     . . .     Faith    .   k - +2 robe
rPois    +         Spirit   .   t - +2 helmet
rElec    .         Reflect  .   w - +1 cloak {rPois}
rCorr    .         Harm     .   (no gloves)
MR       +....                  I - +0 pair of boots
Stlth    ++........             (no amulet)
HPRegen  0.20/turn              l - ring of protection from cold
MPRegen  0.17/turn              m - ring of poison resistance

@: paralysed, lethally poisoned (-4 -> -10), very slightly contaminated,
drained, divine energy
A: no striking features
a: Stop Divine Energy, Renounce Religion


You were on level 8 of the Dungeon.
You worshipped Sif Muna.
Sif Muna was pleased with you.
You were near starving.

You visited 2 branches of the dungeon, and saw 9 of its levels.

You collected 468 gold pieces.

Inventory:

Hand Weapons
 a - a +0 hunting sling
 b - a +2 dagger of venom (weapon)
 y - a +3 quarterstaff of chaos
Missiles
 f - 239 stones (quivered)
 n - 25 sling bullets
 D - 47 poisoned needles
Armour
 k - a +2 robe (worn)
 t - a +2 helmet (worn)
 w - a +1 cloak of poison resistance (worn)
 E - a +0 buckler (worn)
 I - a +0 pair of boots (worn)
 K - the +9 scale mail "Gafeucid" {*Contam Str+3 Int+6}
   (You found it on level 5 of the Dungeon)

   It affects your strength (+3).
   It affects your intelligence (+6).
   It causes magical contamination when unequipped.
 L - a scarf of repulsion
Jewellery
 l - a ring of protection from cold (left hand)
 m - a ring of poison resistance (right hand)
 J - an uncursed ring of see invisible
Wands
 z - a wand of random effects (49)
 N - a wand of acid (11)
 R - a wand of iceblast (4)
Scrolls
 d - 2 scrolls of amnesia {!r}
 g - 2 scrolls of fog {!r}
 h - 6 scrolls of remove curse {!r}
 j - a scroll of identify {!r}
 p - 4 scrolls of blinking {!r}
 C - 5 scrolls of teleportation {!r}
 G - 2 scrolls of magic mapping {!r}
Potions
 e - 2 potions of invisibility {!q}
 i - 4 potions of curing {!q}
 o - a potion of flight {!q}
 q - a potion of magic {!q}
 r - a potion of agility {!q}
 s - a potion of mutation {!q}
 u - a potion of resistance {!q}
 F - 2 potions of heal wounds {!q}
 Q - a potion of haste {!q}
Books
 x - a book of Frost

   Spells                             Type                      Level
   a - Freeze                         Ice                          1
   b - Throw Frost                    Conjuration/Ice              2
   c - Ozocubu's Armour               Charms/Ice                   3
   d - Throw Icicle                   Conjuration/Ice              4
   e - Summon Ice Beast               Ice/Summoning                4
 B - a Young Poisoner's Handbook

   Spells                             Type                      Level
   a - Sting                          Conjuration/Poison           1
   b - Poisonous Vapours              Poison/Air                   2
   c - Mephitic Cloud                 Conjuration/Poison/Air       3
   d - Olgreb's Toxic Radiance        Poison                       4
   e - Venom Bolt                     Conjuration/Poison           5
Comestibles
 c - 10 rations


   Skills:
 - Level 7.3(6.4) Fighting
 - Level 8.4(7.5) Dodging
 - Level 3.3(2.5) Stealth
 - Level 4.0(3.2) Shields
 + Level 5.7(4.9) Spellcasting
 * Level 6.5(5.7) Conjurations
 * Level 6.6(5.8) Ice Magic


You had 9 spell levels left.
You knew the following spells:

 Your Spells              Type           Power        Failure   Level  Hunger
a - Throw Icicle          Conj/Ice       ####....     9%          4    ####...
b - Ozocubu's Armour      Chrm/Ice       ###.....     9%          3    ##.....
c - Summon Ice Beast      Ice/Summ       ###.....     28%         4    ####...


Dungeon Overview and Level Annotations

Branches:
Dungeon (8/15)             Temple (1/1) D:5            Lair (0/6) D:8

Altars:
Ashenzari
Cheibriados
Dithmenos
Elyvilon
Fedhas
Gozag
Hepliaklqana
Kikubaaqudgha
Makhleb
Nemelex Xobeh
Okawaru
Qazlal
Ru
Sif Muna
Trog
Uskayaw
Vehumet
Wu Jian
Xom
Yredelemnul
Zin
The Shining One
Lugonu

Annotations:
D:8 Psyche


Message History

The shard of ice hits Psyche.
Psyche is severely wounded.
You are near starving!
Sif Muna grants you divine energy.
You briefly lose access to your magic!
Psyche misses you.
Psyche sings a strange song.
Psyche hits you with a dagger of chaos.
You feel your power leaking away.
You are unable to access your magic!
You are unable to access your magic!
You are unable to access your magic!
You are unable to access your magic!
Psyche casts a spell at you. The puff of frost hits you! You resist.
Psyche looks braver for a moment.
Psyche gestures at you while chanting. The puff of flame misses you.
Things that are here:
a +2 ring of strength; +0 swamp dragon scales Psyche hits you but does no damage.
You feel drained. Psyche hits you with a dagger of chaos.
You feel drained.
Psyche begins to cast a cantrip, but forgets the words!
Psyche gestures wildly while chanting.
Psyche flickers and vanishes!
Deactivating autopickup; reactivate with Ctrl-A.
You regain access to your magic.
You hear some strange, mumbled words.
A puff of flame appears from out of thin air!
The puff of flame hits you!
Casting: Throw Icicle
Confirm with . or Enter, or press ? or * to list all spells.
You can't see any susceptible monsters within range! (Use Z to cast anyway.) Unknown command.
Something hits you.
You start resting.
Something hits you!
* * * LOW HITPOINT WARNING * * *
Something hits you.
* * * LOW HITPOINT WARNING * * *
Something burns you.
* * * LOW HITPOINT WARNING * * *
Okay, then.
Casting: Throw Icicle
Confirm with . or Enter, or press ? or * to list all spells.
Aiming: Throw Icicle
Press: ? - help, Shift-Dir - straight line You miscast Throw Icicle.
You feel uncomfortably cold. Sif Muna grants you divine energy.
You briefly lose access to your magic!
Something hits you but does no damage. You block something's attack.
You closely miss something. Something barely misses you. Something hits you.
* * * LOW HITPOINT WARNING * * *
You hit something.
You regain access to your magic.
Something hits you but does no damage. Something hits you.
* * * LOW HITPOINT WARNING * * *
You suddenly lose the ability to move!
Something hits you.
* * * LOW HITPOINT WARNING * * *
Something hits you but does no damage. Something hits you!
* * * LOW HITPOINT WARNING * * *
You are lethally poisoned!
* * * LOW HITPOINT WARNING * * *
You feel sick. Something hits you.
You die...

#..........,,,,,,,,,,,,
#..##....#***,,,,,,,,,,
#..##....# *,,,,,,,,,*
#..##....# **,,,,,,***
#........# *,*,,,,,,,
#...##...#####.#,,,,***
#...............,,,,*
##.###..#.######***,,*
#.## ##@#.# *,,* #.#
#{#.# *,,* #.##
##.#.#########,,***
##.###.##..........,,,,*
##...###..........,,,,*
##.## ##.########,,***
#=# #.# *,,,,, #.## #.#
**,,,, #..## #.# *****


There were no monsters in sight!

Vanquished Creatures
  Pikel (D:4)
  The ghost of p0werm0de the Skirmisher, a novice DsFE of Uskayaw (D:7)
  Sigmund (D:4)
  Eustachio (D:5)
  2 humans (D:7)
  2 steam dragons
  The ghost of mortelune the Firebug, an amateur DsFE (D:3)
  Edmund (D:4)
  2 hell hounds (D:8)
  An orc warrior (D:6)
  A phantom (D:7)
  4 ice beasts
  3 ogres (D:4)
  4 centaurs
  A bullfrog (D:6)
  3 scorpions
  Dowan (D:4)
  3 wights (D:6)
  4 howler monkeys
  3 crimson imps
  3 hounds
  A bullfrog zombie (D:6)
  2 jellies
  2 orc priests
  Crazy Yiuf (D:2)
  A centaur skeleton (D:4)
  A gnoll shaman (D:6)
  3 orc wizards
  A bullfrog skeleton (D:5)
  2 iguanas (D:6)
  Terence (D:3)
  5 worker ants
  A killer bee zombie (D:8)
  A hound skeleton (D:7)
  Robin (D:2)
  4 gnolls (D:6)
  2 howler monkey skeletons (D:4)
  10 adders
  2 oozes
  An adder skeleton (D:6)
  An adder zombie (D:5)
  A worm (D:6)
  2 dart slugs
  3 leopard geckos
  22 orcs
  8 bats
  5 giant cockroaches
  12 goblins
  11 hobgoblins
  28 jackals
  8 kobolds
  5 quokkas
  4 ball pythons
  4 frilled lizards
  6 rats
205 creatures vanquished.

Vanquished Creatures (collateral kills)
  Duvessa (D:4)
1 creature vanquished.

Vanquished Creatures (others)
  2 slaves (D:4)
2 creatures vanquished.

Grand Total: 208 creatures vanquished

Notes
Turn   | Place    | Note
-------+----------+-------------------------------------------
     0 | D:1      | Amnesiac the Deep Elf Ice Elementalist began the quest for the Orb.
     0 | D:1      | Reached XP level 1. HP: 10/10 MP: 6/6
   208 | D:1      | Reached skill level 1 in Fighting
   259 | D:1      | Reached XP level 2. HP: 10/16 MP: 5/8
   624 | D:1      | Reached XP level 3. HP: 3/21 MP: 1/9
  1123 | D:2      | Noticed Sigmund
  1461 | D:2      | Found a glowing silver altar of Zin.
  1523 | D:2      | Noticed Robin
  1532 | D:2      | Killed Robin
  1532 | D:2      | Reached XP level 4. HP: 23/27 MP: 1/10
  1803 | D:2      | Reached skill level 3 in Dodging
  1868 | D:2      | Found a runed door.
  1872 | D:2      | Noticed Crazy Yiuf
  1879 | D:2      | Killed Crazy Yiuf
  2291 | D:3      | Reached XP level 5. HP: 29/32 MP: 11/11
  2325 | D:3      | Noticed mortelune's ghost (amateur DsFE)
  2335 | D:3      | Killed mortelune's ghost
  2335 | D:3      | Reached skill level 4 in Dodging
  2367 | D:3      | Found a burning altar of Makhleb.
  2398 | D:3      | Reached XP level 6. HP: 27/38 MP: 7/12
  2459 | D:3      | Found a shimmering altar of Xom.
  2510 | D:3      | Found a bloodstained altar of Trog.
  2659 | D:3      | Noticed Terence
  2668 | D:3      | Killed Terence
  2725 | D:3      | Found an iron altar of Okawaru.
  3151 | D:4      | Learned a level 3 spell: Ozocubu's Armour
  3250 | D:4      | Learned a level 4 spell: Summon Ice Beast
  3260 | D:4      | Reached skill level 5 in Fighting
  3260 | D:4      | Reached skill level 5 in Dodging
  3260 | D:4      | Reached XP level 7. HP: 5/44 MP: 6/13
  3323 | D:4      | Noticed Duvessa
  3539 | D:4      | Noticed Dowan
  3562 | D:4      | Killed Dowan
  3808 | D:4      | Killed Duvessa
  4039 | D:4      | Reached skill level 6 in Dodging
  4039 | D:4      | Reached skill level 1 in Shields
  4120 | D:4      | Killed Sigmund
  4120 | D:4      | Reached XP level 8. HP: 30/51 MP: 0/14
  4151 | D:4      | Noticed Pikel
  4189 | D:4      | Learned a level 4 spell: Throw Icicle
  4250 | D:4      | Noticed Edmund
  4273 | D:4      | Killed Pikel
  4315 | D:4      | Killed Edmund
  4408 | D:4      | Found an ancient bone altar of Kikubaaqudgha.
  4698 | D:5      | Entered Level 5 of the Dungeon
  4702 | D:5      | Found a shattered altar of Ashenzari.
  4702 | D:5      | Found a radiant altar of Vehumet.
  4703 | D:5      | Found an opulent altar of Gozag.
  4703 | D:5      | Noticed Eustachio
  4721 | D:5      | Killed Eustachio
  4721 | D:5      | Reached skill level 7 in Dodging
  4779 | D:5      | Found a blossoming altar of Fedhas.
  4842 | D:5      | Reached XP level 9. HP: 53/57 MP: 9/15
  4948 | D:5      | Found a staircase to the Ecumenical Temple.
  5018 | Temple   | Entered the Ecumenical Temple
  5058 | Temple   | Became a worshipper of Sif Muna the Loreminder
  5105 | D:5      | You fall through a shaft!
  5410 | D:6      | Found a white marble altar of Elyvilon.
  5471 | D:6      | Reached * piety under Sif Muna
  5711 | D:5      | Found a hide-covered altar of Uskayaw.
  5712 | D:5      | Found an ornate altar of the Wu Jian Council.
  5741 | D:5      | Got a shimmering scale mail
  6003 | D:6      | Got a polished ring mail
  6665 | D:6      | Reached skill level 5 in Conjurations
  6665 | D:6      | Reached skill level 5 in Ice Magic
  6727 | D:7      | Identified the +9 scale mail "Gafeucid" {*Contam Str+3 Int+6} (You found it on level 5 of the Dungeon)
  6731 | D:7      | Noticed p0werm0de's ghost (novice DsFE)
  6731 | D:7      | Identified the cursed +1 ring mail of the Poles {rPois rC- Int+6} (You found it on level 6 of the Dungeon)
  7459 | D:6      | Reached skill level 8 in Dodging
  7493 | D:6      | Reached ** piety under Sif Muna
  7515 | D:7      | Reached skill level 5 in Spellcasting
  7919 | D:7      | Found an iron altar of Okawaru.
  8117 | D:7      | Reached XP level 10. HP: 47/63 MP: 1/19
  8333 | D:7      | Found a glowing golden altar of the Shining One.
  8500 | D:7      | Found an iron altar of Okawaru.
  8610 | D:7      | Killed p0werm0de's ghost
  8995 | D:8      | Found a staircase to the Lair.
  9063 | D:8      | Found a basalt altar of Yredelemnul.
  9064 | D:8      | Noticed Psyche
  9169 | D:8      | Paralysed by something for 5 turns
  9171 | D:8      | HP: 3/63 [something (11)]
  9172 | D:8      | Slain by Psyche

Vault maps used:
D:1:      dpeg_cavernosity
D:2:      lemuel_crystal_altar, uniq_robin, uniq_crazy_yiuf_cottage,
          uniq_sigmund
D:3:      xom_butterflies, lemuel_round_altar, lemuel_round_altar, first_ration,
          makhleb_blood_cavern_becter, uniq_terence
D:4:      overflow_temple_1_default, uniq_pikel, uniq_duvessa, uniq_edmund
D:5:      gammafunk_temple_overflow_forgotten, grunt_temple_overflow_open,
          temple_green, uniq_eustachio
D:6:      kennysheep_steamy, elyvilon_altar_1
D:7:      kennysheep_mini, okawaru_humans
D:8:      lemuel_round_altar, minmay_lair_entry_lava, st_stairs_14, uniq_psyche
Temple:   corrupted_temple

Skill      XL: |  1  2  3  4  5  6  7  8  9 10 |
---------------+-------------------------------+-----
Fighting       | 1 2 3 4 5 6 7 |  7.3
Dodging        | 3 4 5 6 7 8 |  8.4
Stealth        | 3 |  3.3
Shields        | 2 4 |  4.0
Conjurations   | 5 6 |  6.5
Ice Magic      | 5 6 |  6.6
Spellcasting   | 5 |  5.7

Action                   |  1- 3 |  4- 6 |  7- 9 | 10-12 || total
-------------------------+-------+-------+-------+-------++-------
Melee: Hunting sling     |       |     4 |       |       ||     4
       Dagger            |       |       |   181 |    22 ||   203
       Quarterstaff      |       |       |     6 |       ||     6
 Fire: Hunting sling     |    50 |   114 |   106 |       ||   270
 Cast: Freeze            |    70 |    57 |   133 |     2 ||   262
       Ozocubu's Armour  |       |       |     3 |       ||     3
       Summon Ice Beast  |       |       |     1 |     3 ||     4
       Throw Icicle      |       |       |    51 |    29 ||    80
Invok: Divine Energy     |       |       |     1 |       ||     1
  Use: Potion            |     1 |       |     2 |       ||     3
       Scroll            |       |     1 |     2 |    15 ||    18
 Stab: Sleeping          |       |       |     3 |       ||     3
  Eat: Chunk             |     2 |     5 |    19 |     3 ||    29
       Ration            |       |       |     1 |     1 ||     2
Armor: Robe              |    20 |    12 |    80 |    16 ||   128
       Ring mail         |       |       |     8 |       ||     8
       Scale mail        |       |       |    12 |       ||    12
Dodge: Dodged            |    84 |    58 |   206 |    21 ||   369
Block: Buckler           |       |       |    66 |     7 ||    73

Table legend:
 A = Spawn XP
 B = Non-spawn XP
 C = Spawn XP percentage of total XP
 D = Spawn monster count
 E = Non-spawn monster count
 F = Spawn count percentage of total count
 G = Total turns spent on level
                    A         B        C        D         E        F      G
               +---------+---------+-------+---------+---------+-------+---------
         Total |       0 |    6843 |   0.0 |       0 |     206 |   0.0 |  9172
               +---------+---------+-------+---------+---------+-------+---------
           D:1 |       0 |      57 |   0.0 |       0 |      32 |   0.0 |  1148
           D:2 |       0 |     114 |   0.0 |       0 |      29 |   0.0 |   836
           D:3 |       0 |     375 |   0.0 |       0 |      36 |   0.0 |  1113
           D:4 |       0 |    1936 |   0.0 |       0 |      33 |   0.0 |  1601
           D:5 |       0 |     481 |   0.0 |       0 |      16 |   0.0 |   802
           D:6 |       0 |    1807 |   0.0 |       0 |      37 |   0.0 |  1952
           D:7 |       0 |    1521 |   0.0 |       0 |      18 |   0.0 |  1225
           D:8 |       0 |     552 |   0.0 |       0 |       5 |   0.0 |   440
               +---------+---------+-------+---------+---------+-------+---------
